 Dungeon Crawl Stone Soup version 0.23.1 (webtiles) character file.

Game seed: 6257759201670837620

898 Borgoz the Skirmisher (level 8, 0/69 HPs)
             Began as a Ghoul Monk on Mar 13, 2019.
             Was a Believer of Ashenzari.
             Slain by a sky beast (4 damage)
             ... on level 5 of the Dungeon.
             The game lasted 00:11:34 (6103 turns).

Borgoz the Skirmisher (Ghoul Monk)                  Turns: 6103, Time: 00:11:34

Health: 0/69       AC:  5    Str: 14 (15) XL:     8   Next: 7%
Magic:  7/7        EV: 12    Int:  9      God:    Ashenzari [**....]
Gold:   188        SH:  0    Dex: 10 (12) Spells: 7/7 levels left

rFire    . . .     SeeInvis .   a - +0 short sword
rCold    + . .     Gourm    .   (no shield)
rNeg     + + +     Faith    .   e - +0 ring mail
rPois    ∞         Spirit   .   (no helmet)
rElec    .         Reflect  .   (no cloak)
rCorr    .         Harm     .   (no gloves)
MR       .....                  (no boots)
Stlth    ++........             (no amulet)
HPRegen  0.00/turn              j - +3 ring of intelligence
MPRegen  0.10/turn              (no ring)

@: rotting
A: rotting body, claws 1, carnivore, cold resistance 1, negative energy
resistance 3, inhibited regeneration, torment resistance, unbreathing
a: Curse Item, Scrying, Renounce Religion


You were on level 5 of the Dungeon.
You worshipped Ashenzari.
Ashenzari was pleased with you.
You were not hungry.

You visited 2 branches of the dungeon, and saw 6 of its levels.

You collected 188 gold pieces.

Inventory:

Hand Weapons
 a - a +0 short sword (weapon)
Missiles
 g - 7 tomahawks (quivered)
 k - 22 poisoned needles
Armour
 e - a +0 ring mail (worn)
Jewellery
 j - a +3 ring of intelligence (left claw)
Wands
 r - a wand of iceblast (6)
Scrolls
 b - a scroll of enchant armour
 n - 2 scrolls of remove curse
Potions
 d - 2 potions of magic
 h - 3 potions of flight
 p - a potion of curing
Comestibles
 c - 3 rations
 i - a chunk of flesh


   Skills:
 + Level 5.4 Fighting
 + Level 4.4 Short Blades
 + Level 3.4 Armour
 + Level 4.5 Dodging
 - Level 5.0 Stealth


You had 7 spell levels left.
You didn't know any spells.
Your spell library was empty.

Dungeon Overview and Level Annotations

Branches:
Dungeon (5/15)             Temple (1/1) D:4

Altars:
Ashenzari
Cheibriados
Dithmenos
Elyvilon
Fedhas
Gozag
Hepliaklqana
Kikubaaqudgha
Makhleb
Nemelex Xobeh
Okawaru
Qazlal
Ru
Sif Muna
Trog
Uskayaw
Vehumet
Wu Jian
Xom
Yredelemnul
The Shining One

Annotations:
D:4 Prince Ribbit


Innate Abilities, Weirdness & Mutations

Your body is rotting away.
You thrive on raw meat.
You are immune to poison.
You have sharp fingernails.
You are carnivorous and can eat meat at any time.
Your flesh is cold resistant. (rC+)
You are immune to negative energy. (rN+++)
You do not regenerate when monsters are visible.
You are immune to unholy pain and torment.
You can survive without breathing.


Message History

* * * LOW HITPOINT WARNING * * *
You hit the sky beast but do no damage.
The sky beast is severely wounded.
The sky beast flickers out of sight!
Deactivating autopickup; reactivate with Ctrl-A.
Something hits you but does no damage.
You miss something.
A sky beast appears from thin air!
Reactivating autopickup.
The sky beast hits you.
* * * LOW HITPOINT WARNING * * *
The sky beast shocks you.
* * * LOW HITPOINT WARNING * * *
You barely miss the sky beast.
The sky beast is severely wounded.
You hit the sky beast.
The sky beast is severely wounded.
The sky beast flickers out of sight!
Deactivating autopickup; reactivate with Ctrl-A.
Something hits you.
You die...

* ,
#.....######.. *
#... * * ###....
,#### , ..... * ,
#... , .....,, ,
, #..O , ....,,,
,, #.<. * #..*
###** ,>,,####
##..##..#####* ,
, . ,
#............ , ,
. ,,+....@.......
, ,, . * , ,
#....{....... , ,
. * *
**##........... .
, *#...........*
,. ,,
+........... , .
, ,###'#########
, , , . ,
#......###.##* *
, .
#......#....#,, ,
###......'....#,,
, ,


There were no monsters in sight!

Vanquished Creatures
  Eustachio (D:4)
  2 sky beasts (D:4)
  2 scorpions
  A centaur zombie (D:5)
  4 orc wizards
  A hound (D:5)
  3 iguanas (D:4)
  A centaur skeleton (D:4)
  A worker ant (D:4)
  A hound skeleton (D:5)
  A gnoll (D:1)
  2 adders
  A white imp (D:4)
  An adder skeleton (D:4)
  2 worms (D:3)
  2 dart slugs (D:3)
  3 leopard geckos
  9 orcs
  5 giant cockroaches
  7 goblins
  9 hobgoblins
  3 jackals (D:1)
  10 kobolds
  4 quokkas
  9 bats
  5 frilled lizards
  A giant cockroach zombie (D:5)
  2 goblin skeletons (D:4)
  2 hobgoblin zombies (D:4)
  A jackal skeleton (D:4)
  An orc skeleton (D:4)
  An orc zombie (D:4)
  10 rats
108 creatures vanquished.

Vanquished Creatures (others)
  An orc (D:4)
1 creature vanquished.

Grand Total: 109 creatures vanquished

Notes
Turn   | Place    | Note
-------+----------+-------------------------------------------
     0 | D:1      | Borgoz the Ghoul Monk began the quest for the Orb.
     0 | D:1      | Reached XP level 1. HP: 19/19 MP: 0/0
    45 | D:1      | Reached XP level 2. HP: 15/26 MP: 1/1
   363 | D:1      | Reached XP level 3. HP: 28/31 MP: 2/2
   619 | D:1      | Reached skill level 1 in Armour
  1203 | D:2      | Reached XP level 4. HP: 40/40 MP: 3/3
  1608 | D:3      | Found a shimmering altar of Xom.
  1608 | D:3      | Found a sparkling altar of Nemelex Xobeh.
  2399 | D:3      | Found an iron altar of Okawaru.
  2797 | D:3      | Found a bloodstained altar of Trog.
  2806 | D:3      | Reached XP level 5. HP: 34/46 MP: 4/4
  3218 | D:4      | Reached XP level 6. HP: 31/52 MP: 5/5
  3338 | D:4      | Found a glowing golden altar of the Shining One.
  3744 | D:4      | Noticed Eustachio
  3791 | D:4      | Killed Eustachio
  3791 | D:4      | Reached XP level 7. HP: 18/60 MP: 6/6
  3901 | D:4      | Found a staircase to the Ecumenical Temple.
  3909 | Temple   | Entered the Ecumenical Temple
  4017 | Temple   | Became a worshipper of Ashenzari the Shackled
  4017 | Temple   | Reached * piety under Ashenzari
  4017 | Temple   | Reached ** piety under Ashenzari
  4311 | D:5      | Entered Level 5 of the Dungeon
  4370 | D:4      | Reached skill level 5 in Fighting
  5050 | D:4      | Reached skill level 5 in Stealth
  5396 | D:5      | Noticed Prince Ribbit
  5422 | D:4      | HP: 2/61 [Prince Ribbit (5)]
  5835 | D:5      | Reached XP level 8. HP: 34/69 MP: 7/7
  6103 | D:5      | Slain by a sky beast

Skill      XL: |  1  2  3  4  5  6  7 |
---------------+----------------------+-----
Dodging        | 3 4 |  4.5
Short Blades   | 3 4 |  4.4
Armour         | 1 2 3 |  3.4
Stealth        | 3 4 5 |  5.0
Fighting       | 4 5 |  5.4

Action                   |  1- 3 |  4- 6 |  7- 9 || total
-------------------------+-------+-------+-------++-------
Melee: Short sword       |   162 |   188 |   200 ||   550
       Dagger            |       |   192 |       ||   192
  Use: Potion            |     1 |     2 |     5 ||     8
       Scroll            |       |     9 |     3 ||    12
 Stab: Sleeping          |     3 |     7 |     2 ||    12
       Invisible         |       |     3 |       ||     3
  Eat: Chunk             |     7 |    11 |    12 ||    30
Armor: Robe              |     1 |       |       ||     1
       Ring mail         |    55 |   100 |    42 ||   197
Dodge: Dodged            |    92 |   203 |    94 ||   389
